 Dungeon Crawl Stone Soup version 0.29-a0-43-g62a80824bf (webtiles) character file.

Game seed: 17700116862682074027

3 Hubjo the Grasshopper (level 1, 0/16 HPs)
             Began as a Vampire Warper on Feb 2, 2022.
             Slain by a kobold (3 damage)
             ... on level 1 of the Dungeon.
             The game lasted 00:00:17 (76 turns).

Hubjo the Grasshopper (Vampire Warper)                Turns: 76, Time: 00:00:18

Health: 0/16       AC:  3    Str: 10    XL:     1   Next: 41%
Magic:  3/3        EV: 11    Int: 15    God:
Gold:   11         SH:  0    Dex: 13    Spells: 4/4 levels left

rFire   . . .      SeeInvis +   a - +0 short sword
rCold   . . .      Faith    .   (no shield)
rNeg    . . .      Spirit   .   b - +0 leather armour
rPois   .          Reflect  .   (no helmet)
rElec   .          Harm     .   (no cloak)
rCorr   .          Rampage  .   (no gloves)
Will    .....                   (no boots)
Stlth   +.........              (no amulet)
HPRegen 0.25/turn               (no ring)
MPRegen 0.08/turn               (no ring)

@: healing quickly
A: alive, fangs 3, see invisible, vampiric 1
a: Exsanguinate


You were on level 1 of the Dungeon.
You visited 1 branch of the dungeon, and saw 1 of its levels.

You collected 11 gold pieces.

Inventory:

Hand Weapons
 a - a +0 short sword (weapon)
Missiles
 d - 5 boomerangs of dispersal (quivered)
Armour
 b - a +0 leather armour (worn)
Scrolls
 c - a scroll of blinking
Potions
 e - a potion of degeneration {unknown}


   Skills:
 + Level 1.7 Fighting
 + Level 2.1 Short Blades
 + Level 0.7 Throwing
 + Level 0.7 Armour
 + Level 2.1 Dodging
 + Level 2.0 Spellcasting
 + Level 2.6 Translocations


You had 4 spell levels left.
You didn't know any spells.
Your spell library contained the following spells:

 Spells                   Type           Power      Damage    Failure   Level
 Blink                    Tloc           18%        N/A       16%         2
 Gell's Gravitas          Tloc           9%         N/A       30%         3
 Lesser Beckoning         Tloc           9%         N/A       30%         3
 Teleport Other           Tloc           9%         N/A       30%         3
 Manifold Assault         Tloc           9%         N/A       96%         5


Dungeon Overview and Level Annotations

Branches:
Dungeon (1/15)

Altars:


Innate Abilities, Weirdness & Mutations

Your natural rate of healing is accelerated.
You have razor-sharp teeth.
You have supernaturally acute eyesight. (SInv)
You are afflicted with vampirism.


Message History

The kobold shouts!
The ball python bites you. The ball python grabs you.
The ball python constricts you.
You barely miss the ball python. The ball python bites you.
The ball python constricts you.
You hit the ball python.
You kill the ball python!
The kobold hits you but does no damage.
A rat comes into view.
The kobold hits you with a +0 short sword.
You see here a ball python corpse.
The kobold misses you.
You hit the kobold but do no damage. The kobold closely misses you.
The rat twitches its whiskers.
You closely miss the kobold. The kobold barely misses you.
You miss the kobold. The kobold hits you but does no damage.
You closely miss the kobold.
The kobold hits you with a +0 short sword.
The rat closely misses you.
You completely miss the kobold. The kobold hits you but does no damage.
The rat bites you.
You hit the kobold but do no damage.
The kobold hits you with a +0 short sword.
The rat bites you but does no damage.
You hit the kobold but do no damage. The kobold closely misses you.
The rat bites you.
You closely miss the kobold. The kobold completely misses you.
The rat closely misses you.
You closely miss the kobold.
The kobold hits you with a +0 short sword.
The rat bites you.
* * * LOW HITPOINT WARNING * * *
You barely miss the kobold.
The kobold hits you with a +0 short sword.
* * * LOW HITPOINT WARNING * * *
The rat misses you.
You hit the kobold.
The kobold is moderately wounded.
The kobold hits you with a +0 short sword.
You die...

##..# #.#.# ....# ....#
#.#.#####....#
....#.#......##....#
##..#.#.#.##.##....#####
#..#.#.#.##.#..........
#..#...#.##.#...!......
#..#.....##.#..........
#..#.#.####............
#..#.#.######.K@r......
#..#..>........†.......
#....########..........
##..### #..........
##..# ####.####+# ##..#
.. ....# #.# ....# .#
##..# .#


You could see a kobold and a rat.

Vanquished Creatures
  A giant cockroach (D:1)
  2 ball pythons (D:1)
3 creatures vanquished.

Notes
Turn   | Place    | Note
-------+----------+-------------------------------------------
     0 | D:1      | Hubjo the Vampire Warper began the quest for the Orb.
     0 | D:1      | Reached XP level 1. HP: 16/16 MP: 3/3
    76 | D:1      | Slain by a kobold

Illustrated notes

Levels and vault maps discovered:
D:1:      dpeg_arrival_boxes_within_box, layout_basic, nrook_mini_vaults

Action                   || total
-------------------------++-------
Melee: Short sword       ||    18
Armor: Leather armour    ||     6
Dodge: Dodged            ||    14

Table legend: (Time is in decaauts)
 A = Elapsed time spent in this place.
 B = Non-inter-level travel time spent in this place.
 C = Inter-level travel time spent in this place.
 D = Time resting spent in this place.
 E = Time spent auto-exploring this place.
 F = Levels seen in this place.
 G = Mean time per level.
                   A        B        C        D        E       F      G
               +--------+--------+--------+--------+--------+-----+--------+
         Total |     75 |     75 |      0 |      0 |     40 |   1 |   75.0 |
       Dungeon |     75 |     75 |      0 |      0 |     40 |   1 |   75.0 |
               +--------+--------+--------+--------+--------+-----+--------+

Top non-repeatable levels by time:
     D:1: 75 daAuts
